Map: Abyssal Reef LE

Players

NightEnD - Winner!

  • Race: Protoss Protoss
  • Spawn Location: 11:00

Rommeo

  • Race: Zerg Zerg
  • Spawn Location: 5:00

Event: WCS Valencia 2017

VOD

Have the link to the VOD?

Description

Time

  • Played on: July 13, 2017, 7:42 a.m.
  • Length: 9:11

All games in this series

Show
View Real Time Build Order
Export as new Build Order

NightEnD Protoss - Winner!

Build Orders: 1 Gate Expand, Oracle Opening 

Get SALT Encoding   

  12  0:00  Probe (Chrono Boost)  
  13  0:11  Probe (Chrono Boost)  
  14  0:22  Probe (Chrono Boost)  
  14  0:24  Pylon  
  16  0:43  Probe (Chrono Boost), Gateway  
  16  0:45  Assimilator  
  16  0:53  Probe (Chrono Boost)  
  17  1:04  Probe (Chrono Boost)  
  18  1:14  Probe (Chrono Boost)  
  19  1:25  Probe (Chrono Boost)  
  20  1:32  Nexus  
  20  1:35  Probe (Chrono Boost)  
  21  1:43  Cybernetics Core  
  21  1:46  Probe (Chrono Boost)  
  22  1:50  Assimilator  
  22  1:57  Pylon  
  22  1:59  Probe (Chrono Boost)  
  23  2:15  Probe (Chrono Boost)  
  24  2:16  Zealot (Chrono Boost)  
  24  2:22  Stargate  
  26  2:26  Probe  
  26  2:29  Warp Gate  
  27  2:38  Probe  
  27  2:40  Adept (Chrono Boost)  
  27  2:42  Probe  
  30  2:51  Probe  
  32  2:54  Probe  
  33  3:03  Probe, Adept (Chrono Boost)  
  36  3:06  Probe  
  37  3:13  Oracle (Chrono Boost)  
  37  3:15  Probe  
  37  3:17  Probe  
  42  3:20  Gateway  
  42  3:27  Probe x2  
  46  3:38  Pylon  
  46  3:39  Probe x2 (Chrono Boost)  
  46  3:46  Assimilator  
  46  3:48  Assimilator  
  46  3:56  Probe x2 (Chrono Boost), Oracle (Chrono Boost)  
  46  3:58  Pylon  
  46  4:01  Adept  
  53  4:07  Probe  
  53  4:08  Probe  
  51  4:19  Probe x2  
  51  4:20  Gateway  
  51  4:23  Pylon  
  53  4:28  Phoenix (Chrono Boost)  
  53  4:29  Probe  
  56  4:32  Probe  
  56  4:35  Adept  
  59  4:40  Probe (Chrono Boost)  
  59  4:44  Probe (Chrono Boost)  
  61  4:46  Nexus  
  63  4:53  Mothership Core (Chrono Boost)  
  63  4:55  Probe (Chrono Boost)  
  64  5:06  Probe (Chrono Boost)  
  65  5:11  Probe (Chrono Boost), Pylon  
  66  5:14  Twilight Council  
  66  5:16  Probe (Chrono Boost), Robotics Facility  
  66  5:19  Adept  
  69  5:22  Probe (Chrono Boost)  
  69  5:23  Pylon  
  70  5:29  Probe (Chrono Boost)  
  70  5:31  Adept  
  70  5:32  Probe (Chrono Boost), Adept  
  75  5:40  Probe (Chrono Boost)  
  77  5:43  Probe (Chrono Boost)  
  77  5:46  Resonating Glaives (Chrono Boost)  
  77  5:50  Probe (Chrono Boost)  
  77  5:52  Probe (Chrono Boost)  
  79  6:00  Adept x3  
  79  6:01  Probe  
  79  6:02  Probe  
  79  6:03  Probe  
  88  6:09  Warp Prism (Chrono Boost)  
  90  6:17  Gateway  
  90  6:22  Gateway, Adept  
  90  6:23  Gateway, Adept  
  92  6:28  Adept  
  84  6:45  Adept x2  
  84  6:52  Gateway  
  84  6:53  Gateway  
  84  6:54  Adept  
  84  6:55  Gateway  
  84  6:56  Gateway  
  84  6:57  Gateway  
  84  7:00  Pylon  
  86  7:02  Pylon  
  86  7:13  Adept  
  86  7:14  Adept x3  
  94  7:21  Adept x2  
  98  7:32  Adept x2  
  98  7:36  Pylon x2  
  102  7:37  Adept x2  
  102  7:38  Pylon  
  102  7:40  Adept  
  108  7:54  Pylon  
  108  7:57  Pylon  
  108  8:00  Adept  
  108  8:01  Adept  
  108  8:02  Adept x8  
  108  8:03  Adept  
  110  8:27  Adept x9  
  110  8:28  Adept x2  
  130  8:46  Adept x2  
  130  8:47  Adept x7  
  130  8:48  Adept x2  
  142  9:06  Adept x2  
  142  9:07  Adept x2  
Show
View Real Time Build Order
Export as new Build Order

Rommeo Zerg 

Build Orders: Hatch First 

Get SALT Encoding   

  12  0:01  Drone  
  13  0:13  Overlord  
  13  0:17  Drone  
  14  0:31  Drone x2  
  16  0:36  Drone  
  17  0:53  Hatchery  
  17  0:56  Drone  
  17  0:59  Extractor  
  17  1:02  Drone  
  17  1:16  Spawning Pool  
  16  1:19  Drone  
  16  1:23  Drone  
  18  1:28  Drone  
  19  1:39  Overlord  
  19  1:50  Drone  
  20  2:02  Metabolic Boost  
  20  2:03  Queen  
  20  2:05  Queen  
  24  2:11  Zergling x2  
  24  2:12  Zergling x2  
  26  2:20  Drone x2  
  28  2:27  Drone  
  28  2:28  Drone  
  30  2:41  Queen  
  30  2:42  Pneumatized Carapace  
  32  3:01  Hatchery  
  32  3:04  Overlord  
  31  3:06  Drone x2  
  33  3:15  Zergling x6  
  36  3:22  Overlord  
  36  3:27  Drone x2  
  36  3:29  Drone x2  
  36  3:31  Drone  
  42  3:34  Drone  
  42  3:42  Evolution Chamber, Drone x2  
  43  3:55  Queen  
  43  3:58  Spore Crawler  
  43  3:59  Spore Crawler  
  43  4:02  Queen  
  45  4:07  Zergling x2  
  45  4:08  Zergling x4  
  47  4:16  Queen  
  48  4:17  Drone  
  48  4:20  Drone x2  
  50  4:26  Drone x2  
  50  4:27  Drone  
  53  4:36  Lair  
  53  4:37  Overlord  
  53  4:50  Spore Crawler  
  52  4:55  Zergling x18  
  59  5:05  Queen  
  56  5:21  Zerg Melee Weapons Level 1  
  56  5:33  Queen  
  56  5:47  Queen  
  57  5:52  Drone  
  57  5:53  Overlord  
  57  5:54  Overlord x2  
  57  5:59  Extractor  
  57  6:00  Extractor, Hydralisk Den  
  57  6:02  Extractor  
  57  6:04  Drone x4  
  54  6:05  Overlord x2  
  57  6:17  Drone x9  
  66  6:21  Zergling x2  
  66  6:22  Zergling x14  
  71  6:29  Muscular Augments  
  68  6:39  Queen  
  68  6:46  Extractor  
  67  6:49  Queen  
  67  6:50  Drone x3  
  67  6:51  Drone x2  
  67  6:52  Drone x2  
  67  6:53  Drone x2  
  67  6:54  Drone  
  79  7:03  Hydralisk  
  79  7:05  Overlord  
  79  7:06  Overlord  
  81  7:18  Overlord x2  
  77  7:31  Hydralisk  
  77  7:32  Hydralisk x2  
  77  7:34  Hatchery  
  82  7:38  Overseer  
  82  7:52  Hydralisk x2  
  82  7:55  Overlord x2  
  82  7:57  Drone x3  
  89  8:00  Extractor  
  89  8:03  Evolution Chamber  
  89  8:04  Drone x3  
  89  8:05  Roach Warren, Overlord x2  
  89  8:12  Hydralisk x2  
  89  8:13  Hydralisk x2  
  87  8:26  Hydralisk x2  
  73  8:31  Drone x2  
  73  8:32  Drone x3  
  73  8:33  Drone x2  
  73  8:34  Drone  
  82  8:35  Drone x2  
  82  8:42  Hydralisk  
  82  8:43  Hydralisk  
Tags
 
Add a new tag
Caveats
  • Supply blocks, unpowered buildings, or Contaminate may cause inaccurate times.
  • Supply counts are checked every 10 seconds.